 Dungeon Crawl Stone Soup version 0.27.0-1-g7a089689b8 (webtiles) character file.

Game seed: 8839937929747590985

25 Spectrina the Ducker (level 2, -6/18 HPs)
             Began as a Deep Elf Monk on Aug 8, 2021.
             Mangled by a water moccasin skeleton (7 damage)
             ... on level 4 of the Dungeon.
             The game lasted 00:04:26 (329 turns).

Spectrina the Ducker (Deep Elf Monk)                 Turns: 329, Time: 00:04:26

Health: -6/18      AC:  2    Str:  8    XL:     2   Next: 82%
Magic:  5/5        EV: 13    Int: 14    God:
Gold:   28         SH:  0    Dex: 17    Spells: 2/2 levels left

rFire    . . .     SeeInvis .   a - +0 short sword
rCold    . . .     Faith    .   (no shield)
rNeg     . . .     Spirit   .   h - +0 robe
rPois    .         Reflect  .   (no helmet)
rElec    .         Harm     .   (no cloak)
rCorr    .         Rampage  .   (no gloves)
Will     .....                  (no boots)
Stlth    ++........             (no amulet)
HPRegen  0.06/turn              (no ring)
MPRegen  0.09/turn              (no ring)

@: no status effects
A: no striking features
a: no special abilities


You were on level 4 of the Dungeon.
You visited 1 branch of the dungeon, and saw 4 of its levels.

You collected 28 gold pieces.

Inventory:

Hand Weapons
 a - a +0 short sword (weapon)
 b - a +0 shortbow
Missiles
 c - 11 arrows
 g - 23 stones (quivered)
Armour
 h - a +0 robe (worn)
Jewellery
 e - a +4 ring of slaying
Wands
 f - a wand of acid (3)
Scrolls
 d - a scroll of immolation


   Skills:
 - Level 2.4 Fighting
 - Level 3.0 Short Blades
 - Level 3.6 Dodging
 - Level 2.4 Stealth
 + Level 0.6 Spellcasting
 + Level 0.5 Conjurations
 + Level 0.4 Earth Magic
 + Level 2.4 Invocations


You had 2 spell levels left.
You didn't know any spells.
Your spell library contained the following spells:

 Spells                   Type           Power      Damage    Failure   Level
 Stone Arrow              Conj/Erth      2%         3d7       56%         3
 Animate Armour           Summ/Erth      2%         N/A       94%         4
 Lehudib's Crystal Spear  Conj/Erth      0%         10d2      100%        8


Dungeon Overview and Level Annotations

Branches:
Dungeon (4/15)
 Temple: D:4-7

Altars:
Wu Jian
The Shining One


Message History

You miss the adder.
The adder is severely wounded.
You feel sick.
You are no longer poisoned.
The adder closely misses you.
Aiming: Corrosive Bolt
Press: ? - help, Shift-Dir - straight line, f/p - adder
Aim: an adder (severely wounded, 53% to hit)
The bolt of acid misses the adder.
The adder closely misses you. x2
Aiming: Corrosive Bolt
Press: ? - help, Shift-Dir - straight line, f/p - adder
Aim: an adder (severely wounded, 53% to hit)
The bolt of acid misses the adder.
The adder barely misses you.
Aiming: Corrosive Bolt
Press: ? - help, Shift-Dir - straight line, f/p - adder
Aim: an adder (severely wounded, 53% to hit)
The bolt of acid hits the adder!
The adder is splashed with acid.
You kill the adder!
A water moccasin skeleton comes into view.
The water moccasin skeleton moves out of view.
Unknown command.
An adder comes into view.
Found an ornate altar of the Wu Jian Council.
Unknown command.
You hit the water moccasin skeleton.
The water moccasin skeleton is lightly damaged.
The water moccasin skeleton bites you!
* * * LOW HITPOINT WARNING * * *
Unknown command.
Okay, then.
You aren't carrying any potions.
Aiming: Corrosive Bolt
Press: ? - help, Shift-Dir - straight line, f - water moccasin skeleton
Aim: a water moccasin skeleton (lightly damaged, 79% to hit)
The bolt of acid hits the water moccasin skeleton!
The water moccasin skeleton is splashed with acid.
The acid corrodes the water moccasin skeleton!
The water moccasin skeleton is severely damaged.
The water moccasin skeleton bites you!
You die...

. #.. ...##### #.#
#### ......Z###.#
#.. ≈(.(###.##.##
#.# ...
####....####.#####
.Z
#................#
≈
#..#....####.###.#
#...##### #Z#
....# #@# ..#.#
#.# ...#. #.# .. .
#.# . #.# #.# #.#
#.# ####.##


You could see a water moccasin skeleton (corroded).

Vanquished Creatures
  2 adders
  An orc (D:3)
  A giant cockroach (D:4)
  2 hobgoblins (D:3)
  A rat (D:3)
7 creatures vanquished.

Notes
Turn   | Place    | Note
-------+----------+-------------------------------------------
     0 | D:1      | Spectrina the Deep Elf Monk began the quest for the Orb.
     0 | D:1      | Reached XP level 1. HP: 13/13 MP: 3/3
    43 | D:2      | Found a glowing golden altar of the Shining One.
    84 | D:4      | Noticed an iguana
   149 | D:3      | Reached XP level 2. HP: 16/18 MP: 3/5
   149 | D:3      | Found a faded altar of an unknown god.
   314 | D:4      | Found an ornate altar of the Wu Jian Council.
   329 | D:4      | Mangled by a water moccasin skeleton

Illustrated notes

Levels and vault maps discovered:
D:1:      dpeg_arrival_ternary, layout_rooms
D:2:      layout_basic, basic_altar
D:3:      layout_loops_ring, hellmonk_ecumenical_altar_blasted
D:4:      layout_loops_ring, mainiacjoe_overflow_small_starburst, uniq_pikel

Skill      XL: |  1 |
---------------+----+-----
Invocations    | 2 |  2.4
Fighting       | |  2.4
Short Blades   | |  3.0
Dodging        | |  3.6
Stealth        | |  2.4
Spellcasting   | |  0.6
Conjurations   | |  0.5
Earth Magic    | |  0.4

Action                   || total
-------------------------++-------
Melee: Short sword       ||    32
 Fire: Shortbow          ||     2
Evoke: Wand              ||     4
 Stab: Sleeping          ||     1
Armor: Robe              ||     3
Dodge: Dodged            ||    21
